 Dungeon Crawl Stone Soup version 0.30-a0-800-g7c544603b3 (webtiles) character file.

Game seed: 2522202351527870792

66415 BlueFish the Covert (level 14, -2/105 HPs)
             Began as a Vampire Enchanter on Feb 22, 2023.
             Was the Champion of Dithmenos.
             Slain by a death yak (19 damage)
             ... on level 5 of the Lair of Beasts on Feb 23, 2023.
             The game lasted 00:50:57 (17120 turns).

BlueFish the Covert (Vampire Enchanter)            Turns: 17120, Time: 00:50:58

Health: -2/105     AC: 10    Str:  9    XL:     14   Next: 79%
Magic:  36/40      EV: 18    Int: 17    God:    Dithmenos [******]
Gold:   1173       SH:  5    Dex: 20    Spells: 19/30 levels left

rFire   . . .      SeeInvis +    b - +1 dagger (drain)
rCold   x . .      Faith    +    E - +0 buckler
rNeg    + . .      Spirit   .    z - +2 robe {rN+}
rPois   .          Reflect  .    (no helmet)
rElec   .          Harm     .    W - +0 cloak
rCorr   +          Rampage  .    o - +3 pair of gauntlets of War {Slay+5}
Will    +....                    (no boots) Stlth *+++++++++
                                 O
                                   - Hermit's Pendant {Faith Invo=14 Evo=0 MP+5}
HPRegen 0.57/turn                i - ring "Qyes" {Fly rC- MP+9 Str+2 Slay+2}
MPRegen 0.27/turn                y - ring of resist corrosion

@: flying, healing quickly, wreathed by umbra
A: alive, fangs 3, see invisible, vampiric 2
a: Exsanguinate, Renounce Religion, Shadow Step, Shadow Form


You were on level 5 of the Lair of Beasts.
You worshipped Dithmenos.
Dithmenos was exalted by your worship.
You visited 3 branches of the dungeon, and saw 18 of its levels.
You also visited: Bailey.

You collected 1173 gold pieces.

Inventory:

Hand Weapons
 a - a +1 dagger
 b - a +1 dagger of draining (weapon)
Missiles
 s - 5 javelins (quivered)
 v - 3 silver javelins
 x - 48 poisoned darts
 C - 16 boomerangs
 T - 5 silver boomerangs
 U - a curare-tipped dart
 X - 6 boomerangs of dispersal
Armour
 o - the +3 pair of gauntlets of War (worn) {Slay+5}
   (You found it on level 2 of the Dungeon)

   Slay:      It affects your accuracy & damage with ranged weapons and melee
   (+5).
 z - a +2 robe of positive energy (worn)
 E - a +0 buckler (worn)
 H - a +1 tower shield of reflection
 W - a +0 cloak (worn)
Jewellery
 i - the ring "Qyes" (left hand) {Fly rC- MP+9 Str+2 Slay+2}
   (You acquired it on level 5 of the Lair of Beasts)

   [ring of flight]

   Str:       It affects your strength (+2).
   Slay:      It affects your accuracy & damage with ranged weapons and melee
   (+2).
   rC:        It makes you vulnerable to cold.
   MP:        It affects your magic capacity (+9).
   Fly:       It grants you flight.
 y - a ring of resist corrosion (right hand)
 O - the Hermit's Pendant (around neck) {Faith Invo=14 Evo=0 MP+5}
   (You found it on level 9 of the Dungeon)

   [amulet of faith]

   Invo=14: It sets your Invocations skill to 14.
   Evo=0: It sets your Evocations skill to 0.
   It allows you to gain divine favour quickly.
   MP:        It affects your magic capacity (+5).
 Y - an amulet of regeneration
Wands
 K - a wand of mindburst (32)
 M - a wand of flame (28)
 P - a wand of iceblast (15)
 Z - a wand of polymorph (5)
Scrolls
 d - 5 scrolls of teleportation
 h - 2 scrolls of enchant weapon
 k - 3 scrolls of magic mapping
 t - 2 scrolls of blinking
 u - a scroll of vulnerability
 w - 2 scrolls of summoning
 B - 2 scrolls of poison
 J - a scroll of silence
 L - 2 scrolls of fog
 N - a scroll of torment
Potions
 c - 3 potions of invisibility
 e - 5 potions of lignification
 f - 2 potions of mutation
 g - 6 potions of curing
 j - 3 potions of ambrosia
 l - 3 potions of magic
 m - 7 potions of flight
 n - 6 potions of might
 D - 4 potions of heal wounds
 F - 4 potions of haste
 V - a potion of brilliance
Miscellaneous
 G - a box of beasts


   Skills:
 + Level 8.1 Fighting
 + Level 9.9 Short Blades
 + Level 7.4 Throwing
 + Level 7.4 Armour
 + Level 10.0 Dodging
 + Level 14.3 Stealth
 - Level 1.5 Shields
 + Level 8.5 Spellcasting
 + Level 13.4 Hexes


You had 19 spell levels left.
You knew the following spells:

 Your Spells              Type           Power      Damage    Failure   Level
a - Ensorcelled Hibernat  Hex/Ice        60%        N/A       1%          2
b - Confusing Touch       Hex            52%        N/A       1%          3
c - Tukima's Dance        Hex            52%        N/A       1%          3
d - Dazzling Flash        Conj/Hex       60%        N/A       2%          3

Your spell library contained the following spells:

 Spells                   Type           Power      Damage    Failure   Level
 Fulminant Prism          Conj/Hex       15%        3d10      9%          4
 Leda's Liquefaction      Hex/Erth       15%        N/A       9%          4
 Beastly Appendage        Tmut           14%        N/A       13%         1
 Magic Dart               Conj           28%        1d4       13%         1
 Sandblast                Erth           14%        2d6       13%         1
 Sting                    Tmut/Pois      28%        1d4       13%         1
 Call Imp                 Summ           7%         N/A       21%         2
 Passwall                 Tmut/Erth      5%         N/A       21%         2
 Wereblood                Tmut           7%         N/A       21%         2
 Call Canine Familiar     Summ           7%         N/A       36%         3
 Gell's Gravitas          Tloc           7%         N/A       36%         3
 Kindle Blastsparks       Fire/Tloc/Air  14%        2d11      36%         3
 Mephitic Cloud           Conj/Pois/Air  7%         N/A       36%         3
 Spider Form              Tmut/Pois      7%         N/A       36%         3
 Stone Arrow              Conj/Erth      14%        3d7       36%         3
 Teleport Other           Tloc           7%         N/A       36%         3
 Animate Armour           Summ/Erth      14%        N/A       78%         4
 Iskenderun's Mystic Bla  Conj/Tloc      7%         2d4       78%         4
 Manifold Assault         Tloc           7%         N/A       78%         4
 Olgreb's Toxic Radiance  Pois           7%         N/A       78%         4
 Lee's Rapid Deconstruct  Erth           3%         3d5*      98%         5
 Dispersal                Tloc           3%         N/A       100%        6
 Statue Form              Tmut/Erth      4%         N/A       100%        6
 Summon Cactus Giant      Summ           3%         N/A       100%        6
 Ozocubu's Refrigeration  Ice            3%         4d8       100%        7
 Disjunction              Tloc           3%         N/A       100%        8
 Ignition                 Fire           3%         3d4       100%        8


Dungeon Overview and Level Annotations

Branches:
Dungeon (12/15)            Temple (1/1) D:4            Lair (5/5) D:9
  Swamp (0/4) Lair:2        Snake (0/4) Lair:3        Slime (0/5) Lair:5
    Orc (0/2) D:11         Bailey (visited)

Altars:
Ashenzari
Cheibriados
Dithmenos
Fedhas
Gozag
Hepliaklqana
Kikubaaqudgha
Makhleb
Nemelex Xobeh
Okawaru
Qazlal
Ru
Sif Muna
Trog
Uskayaw
Vehumet
Wu Jian
Xom
Yredelemnul
Jiyva

Shops:
D:2 (   D:6 *   D:9 (

Annotations:
D:6 1 runed translucent door
D:9 exclusion: ice statue


Innate Abilities, Weirdness & Mutations

Your natural rate of healing is accelerated.
You have razor-sharp teeth.
You have supernaturally acute eyesight. (SInv)
You are afflicted with vampirism and can become a bat while bloodless.


Message History

You hit the death yak but do no damage.
The death yak is moderately wounded.
You hit the death yak but do no damage.
The death yak is moderately wounded.
Your shadow hits the death yak but does no damage.
The death yak gores you but does no damage.
You hit the death yak but do no damage. You bite the death yak.
The death yak is moderately wounded.
You hit the death yak but do no damage.
The death yak is moderately wounded.
The death yak closely misses you.
You hit the death yak but do no damage.
The death yak is moderately wounded.
You barely miss the death yak.
The death yak is moderately wounded.
Your shadow barely misses the death yak.
The death yak misses you.
You hit the death yak but do no damage.
The death yak is moderately wounded.
You hit the death yak but do no damage.
The death yak is moderately wounded.
The death yak gores you!
You hit the death yak but do no damage.
The death yak is moderately wounded.
You block the death yak's attack.
You hit the death yak but do no damage. You bite the death yak.
The death yak is moderately wounded.
You hit the death yak but do no damage.
The death yak is moderately wounded.
The death yak barely misses you.
You barely miss the death yak. You bite the death yak.
The death yak is moderately wounded.
Your shadow hits the death yak but does no damage.
You hit the death yak but do no damage.
The death yak is moderately wounded.
Your hands stop glowing.
The death yak gores you!!
* * * LOW HITPOINT WARNING * * *
The death yak attacks as you move away! The death yak gores you!!
You die...

#.....#,8.**,#..,#...#
#.....#,,..###..,#...#
##....##,8..Y.YY,#♣.P#
##...P#,.÷.Y...##..##
##...###....Y.#..##
#P....###...÷#.##
##....P.##.÷...##
##..P..P##.....#
###....@Y.....#
########♣..## ##.# ###


You could see a death yak.

Vanquished Creatures
  A hydra (Lair:5)
  A centaur warrior (D:9)
  2 boulder beetles (D:11)
  A two-headed ogre (D:10)
  4 death yaks (Lair:5)
  A skyshark (Lair:3)
  A fire crab (Lair:5)
  The ghost of bande the Chopper, a novice GrFi of Okawaru (D:6)
  An orc knight (Bailey)
  A cyclops (D:11)
  3 elephants (Lair:5)
  3 black mambas
  15 cane toads
  3 komodo dragons
  A rime drake (Lair:2)
  8 polar bears
  2 tyrant leeches (Lair:2)
  4 trolls
  19 blink frogs
  7 dream sheep (Lair:2)
  2 spriggans (Lair:3)
  A wraith (D:11)
  60 yaks
  3 wyverns
  5 basilisks
  A steam dragon (D:10)
  12 water moccasins
  2 acid dragons (D:9)
  3 nagas (Lair:3)
  8 orc warriors
  A sky beast (D:6)
  2 black bears
  7 ice beasts
  2 ogres (D:11)
  22 wolves
  5 kobold brigands
  7 bullfrogs
  3 gnoll sergeants
  2 necrophages
  5 wights (D:8)
  6 killer bees (D:9)
  4 electric eels
  3 howler monkeys
  4 crimson imps (D:4)
  4 jellies
  4 hounds
  7 orc priests
  A gnoll bouda (D:7)
  3 iguanas
  12 orc wizards
  A mummy (D:6)
  6 adders
  23 gnolls
  A river rat (D:6)
  A shadow imp (D:5)
  2 white imps (D:7)
  2 worms
  A dart slug (D:5)
  73 orcs
  14 endoplasms
  3 giant cockroaches
  3 goblins
  9 hobgoblins
  22 kobolds
  3 quokkas
  7 ball pythons
  2 bats
  2 frilled lizards
  A hobgoblin zombie (D:6)
  A kobold zombie (D:6)
  2 orc zombies (D:6)
  7 rats
466 creatures vanquished.

Vanquished Creatures (collateral kills)
  A two-headed ogre (D:11)
  An ogre (D:11)
  A kobold brigand (D:11)
  A gnoll sergeant (D:11)
  An orc (D:5)
5 creatures vanquished.

Vanquished Creatures (others)
  9 dancing weapons
  22 fungi
  14 plants
  7 toadstools (D:2)
52 creatures vanquished.

Grand Total: 523 creatures vanquished

Notes
Turn   | Place    | Note
-------+----------+-------------------------------------------
     0 | D:1      | BlueFish the Vampire Enchanter began the quest for the Orb.
     0 | D:1      | Reached XP level 1. HP: 13/13 MP: 3/3
   262 | D:1      | Reached XP level 2. HP: 19/19 MP: 5/5
   270 | D:1      | Learned a level 2 spell: Ensorcelled Hibernation
   947 | D:2      | Gained mutation: You are afflicted with vampirism and can
                  | become a bat while bloodless. [Vampire growth]
   947 | D:2      | Reached XP level 3. HP: 25/25 MP: 6/6
   955 | D:2      | Learned a level 3 spell: Confusing Touch
  1149 | D:2      | Found the +3 pair of gauntlets of War {Slay+5}
  1221 | D:2      | Reached skill level 1 in Fighting
  1221 | D:2      | Reached skill level 5 in Stealth
  1221 | D:2      | Reached XP level 4. HP: 32/32 MP: 7/7
  1231 | D:2      | Reached skill level 5 in Hexes
  1722 | D:2      | Found Xiemuera's Weapon Shop.
  1993 | D:3      | Reached skill level 1 in Armour
  1999 | D:3      | Found a radiant altar of Vehumet.
  2026 | D:3      | Identified the +0 flail "Rivirph" {heavy, Str+7 Dex+4}
  2305 | D:3      | Reached XP level 5. HP: 37/37 MP: 8/8
  2320 | D:3      | Learned a level 3 spell: Tukima's Dance
  2629 | D:4      | Noticed an ogre
  2987 | D:4      | Found a staircase to the Ecumenical Temple.
  3008 | Temple   | Entered the Ecumenical Temple
  3345 | D:4      | Reached XP level 6. HP: 32/43 MP: 10/10
  3371 | D:4      | Reached skill level 1 in Throwing
  3431 | D:4      | Found a shimmering altar of Xom.
  3493 | D:4      | Reached skill level 6 in Stealth
  3640 | D:5      | Entered Level 5 of the Dungeon
  3640 | D:5      | Noticed a shadow
  3640 | D:5      | Found a shadowy altar of Dithmenos.
  3640 | D:5      | Found a hazy altar of Hepliaklqana.
  3647 | D:5      | Became a worshipper of Dithmenos the Shadowed
  3692 | D:5      | Reached XP level 7. HP: 49/49 MP: 2/11
  4097 | D:5      | Reached * piety under Dithmenos
  4405 | D:5      | Found an iron altar of Okawaru.
  4502 | D:6      | Reached XP level 8. HP: 57/57 MP: 13/13
  4582 | D:6      | Reached skill level 7 in Stealth
  4597 | D:6      | Found Renkarhi's General Store.
  4659 | D:6      | Found a runed translucent door.
  4660 | D:6      | Noticed bande's ghost (novice GrFi)
  5174 | D:6      | Found a blossoming altar of Fedhas.
  5490 | D:6      | Found a runed translucent door.
  5889 | D:6      | Killed bande's ghost
  5890 | D:6      | Reached skill level 5 in Dodging
  5890 | D:6      | Reached skill level 8 in Stealth
  5890 | D:6      | Reached XP level 9. HP: 41/64 MP: 13/15
  6267 | D:7      | Found a flagged portal.
  6275 | Bailey   | Entered a bailey
  6394 | Bailey   | Reached ** piety under Dithmenos
  6433 | Bailey   | Noticed an orc knight
  6627 | Bailey   | Reached skill level 5 in Short Blades
  6745 | Bailey   | Killed an orc knight
  7042 | D:7      | Reached skill level 9 in Stealth
  7042 | D:7      | Reached skill level 5 in Spellcasting
  7065 | D:7      | Reached XP level 10. HP: 24/73 MP: 17/17
  7766 | D:8      | Reached *** piety under Dithmenos
  7936 | D:8      | Found a hide-covered altar of Uskayaw.
  7936 | D:8      | Found a broken altar of Ashenzari.
  7942 | D:8      | Found a faded altar of an unknown god.
  7944 | D:8      | Found a sacrificial altar of Ru.
  7946 | D:8      | Found a snail-covered altar of Cheibriados.
  8229 | D:8      | Reached skill level 5 in Fighting
  8445 | D:9      | Noticed an ice statue
  8604 | D:9      | Noticed a centaur warrior
  8669 | D:9      | Found the Hermit's Pendant {Faith Invo=14 Evo=0 MP+5}
  8688 | D:9      | Reached skill level 10 in Stealth
  8823 | D:9      | Found a staircase to the Lair.
  8949 | D:9      | Killed a centaur warrior
  9132 | D:9      | Reached XP level 11. HP: 22/80 MP: 21/21
  9145 | D:9      | Reached **** piety under Dithmenos
  9418 | D:9      | Found Niogruh's Antique Weapon Emporium.
  9728 | D:10     | Entered Level 10 of the Dungeon
  9815 | D:10     | Reached skill level 10 in Hexes
  9819 | D:10     | Reached skill level 5 in Armour
  9829 | D:10     | Noticed a two-headed ogre
  9865 | D:10     | Killed a two-headed ogre
 10365 | D:11     | Reached skill level 5 in Throwing
 10438 | D:11     | Reached ***** piety under Dithmenos
 10663 | D:11     | Noticed a two-headed ogre
 10676 | D:11     | Killed a two-headed ogre
 10677 | D:11     | Reached skill level 11 in Stealth
 10813 | D:11     | Found a staircase to the Orcish Mines.
 10835 | D:11     | Got the Compilation of Congregated Nausea
 10934 | D:11     | Noticed a boulder beetle
 10944 | D:11     | Killed a boulder beetle
 11116 | D:11     | Noticed a boulder beetle
 11148 | D:11     | Killed a boulder beetle
 11648 | Lair:1   | Entered Level 1 of the Lair of Beasts
 12012 | Lair:1   | Reached XP level 12. HP: 64/88 MP: 22/22
 12709 | Lair:2   | Reached skill level 12 in Stealth
 12992 | Lair:2   | Found a staircase to the Swamp.
 14271 | Lair:3   | Reached ****** piety under Dithmenos
 14512 | Lair:3   | Reached XP level 13. HP: 88/96 MP: 24/24
 14561 | Lair:3   | Reached skill level 13 in Stealth
 14800 | Lair:3   | Learned a level 3 spell: Dazzling Flash
 14866 | Lair:3   | Found a staircase to the Snake Pit.
 15022 | Lair:4   | Found a shimmering altar of Xom.
 15080 | Lair:4   | Got the Precepts of Dung
 15791 | Lair:5   | Entered Level 5 of the Lair of Beasts
 15810 | Lair:5   | Found a viscous altar of Jiyva.
 15811 | Lair:5   | Found a staircase to the Slime Pits.
 16655 | Lair:5   | Identified a scroll of acquirement
 16665 | Lair:5   | Acquired the ring "Qyes" {Fly rC- MP+9 Str+2 Slay+2}
 16671 | Lair:5   | Reached skill level 14 in Stealth
 16671 | Lair:5   | Reached skill level 1 in Shields
 16671 | Lair:5   | Reached XP level 14. HP: 105/105 MP: 26/26
 17040 | Lair:5   | Reached skill level 10 in Dodging
 17120 | Lair:5   | Slain by a death yak

Illustrated notes

Levels and vault maps discovered:
D:1:      saegor_arrival_simple_a, layout_loops_ring
D:2:      cheibrodos_fertilizer, layout_basic, serial_shops, shop
D:3:      layout_rooms, nicolae_vehumet_radiance, nrook_mini_vaults,
          kennysheep_pointless_box, corexii_corridor_pit, kennysheep_nondescript
D:4:      layout_basic, led_xom_imps, minmay_temple_entry_statues_fountains
D:5:      nicolae_cairo_tiling_large_dashed, layout_cave_pools,
          riverfiend_overflow_shadow_ancestor, mainiacjoe_overflow_brackets
D:6:      layout_layer_cave, fedhas_altar_1, ebering_ghost_sewer_f,
          serial_shops, shop, supply_closet_lemuel, minmay_mini_ossuary
D:7:      layout_basic, enter_bailey_2
D:8:      layout_basic, chequers_temple_overflow_minitemple
D:9:      layout_loops_cross, mainiacjoe_overflow_alcove_1,
          nicolae_tso_swordbearing_angel, lair_entry_dummy, serial_shops,
          nicolae_shop_window_shopping, kennysheep_decorative_pillar,
          serial_park_tiny_1, minmay_statue_bubble
D:10:     layout_cave_pools
D:11:     layout_loops_ring, kennysheep_orc_monster_closet_entryway
D:12:     layout_loops_ring, uniq_jorgrun
Temple:   jpeg_temple_alley_garden
Lair:1:   layout_roguey, chequers_serial_rivers_large_b, dpeg_stationary_puzzle
Lair:2:   layout_cave_pods, minmay_swamp_entry_worms, serial_bayou_shore_b
Lair:3:   layout_chaotic_city, nicolae_snake_entry_squirm, forest_entry_grove,
          grunt_megastairs_1
Lair:4:   layout_regular_city, basic_altar
Lair:5:   grunt_lair_end_beastmaster, layout_misc_corridors, slime_entry_1,
          infiniplex_staircase_pool_2

Skill      XL: |  1  2  3  4  5  6  7  8  9 10 11 12 13 14 |
---------------+-------------------------------------------+-----
Fighting       | 1 2 3 4 5 6 7 8 |  8.1
Stealth        | 5 6 8 9 10 11 12 14 | 14.3
Hexes          | 5 6 7 8 9 11 12 13 | 13.4
Short Blades   | 2 3 4 5 6 7 8 9 |  9.9
Armour         | 1 2 3 4 5 6 7 |  7.4
Dodging        | 3 4 5 6 7 8 9 10 | 10.0
Throwing       | 1 2 3 4 5 6 7 |  7.4
Spellcasting   | 3 4 5 6 7 8 |  8.5
Shields        | 1 |  1.5

Action                     |  1- 3 |  4- 6 |  7- 9 | 10-12 | 13-15 || total
---------------------------+-------+-------+-------+-------+-------++-------
  Melee: Dagger            |    96 |   175 |   370 |   847 |   389 ||  1877
         Bite              |     9 |    15 |    52 |   137 |    66 ||   279
         Punch             |     1 |     4 |     8 |    12 |       ||    25
   Cast: Ensorcelled Hiber |     3 |     1 |    14 |    29 |    14 ||    61
         Tukima's Dance    |       |     7 |     1 |    28 |       ||    36
         Confusing Touch   |       |     2 |     3 |    34 |    21 ||    60
         Dazzling Flash    |       |       |       |       |    10 ||    10
    Use: Scroll            |       |       |       |       |    26 ||    26
         Potion            |       |       |       |       |     1 ||     1
   Stab: Sleeping          |    11 |    12 |    28 |    46 |    20 ||   117
         Confused          |       |     1 |     4 |    24 |    19 ||    48
         Distracted        |       |       |     2 |     2 |     4 ||     8
         Invisible         |       |       |       |       |    14 ||    14
 Armour: Robe              |    19 |    43 |    54 |   121 |    82 ||   319
  Dodge: Dodged            |    50 |    81 |   263 |   497 |   315 ||  1206
  Block: Buckler           |       |       |       |     3 |    79 ||    82

Table legend: (Time is in decaauts)
 A = Elapsed time spent in this place.
 B = Non-inter-level travel time spent in this place.
 C = Inter-level travel time spent in this place.
 D = Time resting spent in this place.
 E = Time spent auto-exploring this place.
 F = Levels seen in this place.
 G = Mean time per level.
                   A        B        C        D        E       F      G
               +--------+--------+--------+--------+--------+-----+--------+
         Total |  16603 |  15854 |    749 |    138 |  11387 |  19 |  873.8 |
       Dungeon |  10557 |   9931 |    626 |    116 |   7071 |  12 |  879.8 |
        Temple |    218 |    181 |     37 |      0 |    171 |   1 |  218.0 |
          Lair |   5223 |   5138 |     85 |     22 |   3779 |   5 | 1044.6 |
        Bailey |    604 |    604 |      0 |      0 |    365 |   1 |  604.0 |
               +--------+--------+--------+--------+--------+-----+--------+

Top non-repeatable levels by time:
     D:6: 1489 daAuts
  Lair:2: 1288 daAuts
     D:9: 1278 daAuts
     D:2: 1239 daAuts
    D:11: 1210 daAuts
  Lair:5: 1208 daAuts
  Lair:1: 996 daAuts
  Lair:3: 981 daAuts
     D:8: 904 daAuts
     D:7: 870 daAuts
     D:4: 868 daAuts
     D:5: 764 daAuts
  Lair:4: 748 daAuts
     D:1: 739 daAuts
     D:3: 622 daAuts
